 Dungeon Crawl Stone Soup version 0.27.1-34-g3ba077fa99 (webtiles) character file.

Game seed: 6361408663044858004

284199 McKennaii the Eclecticist (level 19, -9/141 HPs)
             Began as a Demigod Conjurer on Jan 17, 2022.
             Killed from afar by an ironbound thunderhulk (23 damage)
             ... with a bolt of lightning
             ... on level 1 of the Vaults.
             The game lasted 01:49:37 (60909 turns).

McKennaii the Eclecticist (Demigod Conjurer)       Turns: 60909, Time: 01:49:38

Health: -9/141     AC: 25    Str: 17    XL:     19   Next: 4%
Magic:  9/47       EV: 11    Int: 49    God:
Gold:   1361       SH: 31    Dex: 12    Spells: 43/55 levels left

rFire    . . .     SeeInvis +   l - staff of conjuration
rCold    + . .     Faith    .   Y - +7 tower shield {rC+}
rNeg     . . .     Spirit   .   u - +6 leather armour "Toiwk" {Will++ SInv}
rPois    +         Reflect  +   S - +2 helmet {Int+3}
rElec    .         Harm     .   w - +1 cloak
rCorr    +         Rampage  .   v - +2 pair of gloves
Will     +++..                  T - +1 pair of boots
Stlth    ++........             b - amulet "Lovowac" {Reflect rPois rCorr SH+5}
HPRegen  0.33/turn              O - +6 ring of intelligence
MPRegen  0.30/turn              s - ring of Jethump {rCorr AC+4 Str+5}

@: no status effects
A: high mp 1, forlorn
}: 2/15 runes: decaying, serpentine
a: no special abilities


You were on level 1 of the Vaults.
You visited 7 branches of the dungeon, and saw 33 of its levels.
You also visited: Bailey and Ice Cave.

You collected 3591 gold pieces.
You spent 2230 gold pieces at shops.

Inventory:

Hand Weapons
 n - the +5 demon trident of Defiance {pain, SInv}
   (You acquired it on level 7 of the Dungeon)

   In the hands of one skilled in necromantic magic, it inflicts extra damage on
   living creatures.
   SInv:      It lets you see invisible.
Armour
 u - the +6 leather armour "Toiwk" (worn) {Will++ SInv}
   (You found it on level 6 of the Dungeon)

   SInv:      It lets you see invisible.
   Will:      It greatly increases your willpower.
 v - a +2 pair of gloves (worn)
 w - a +1 cloak (worn)
 S - a +2 helmet of intelligence (worn)
 T - a +1 pair of boots (worn)
 Y - a +7 tower shield of cold resistance (worn)
Magical Staves
 l - a staff of conjuration (weapon)
Jewellery
 b - the amulet "Lovowac" (around neck) {Reflect rPois rCorr SH+5}
   (You acquired it on level 7 of the Dungeon)

   [amulet of reflection]

   It reflects blocked missile attacks.
   rPois:     It protects you from poison.
   rCorr:     It protects you from acid and corrosion.
   SH:        It affects your SH (+5).
 e - a ring of wizardry
 h - the ring of the Orange Skies {rPois rF+ rCorr}
   (You acquired it on level 4 of the Snake Pit)

   [ring of poison resistance]

   rF:        It protects you from fire.
   rPois:     It protects you from poison.
   rCorr:     It protects you from acid and corrosion.
 r - a ring of flight
 s - the ring of Jethump (right hand) {rCorr AC+4 Str+5}
   (You found it on level 2 of the Lair of Beasts)

   [ring of protection]

   AC:        It affects your AC (+4).
   Str:       It affects your strength (+5).
   rCorr:     It protects you from acid and corrosion.
 F - a ring of protection from cold
 N - a ring of willpower
 O - a +6 ring of intelligence (left hand)
Wands
 k - a wand of paralysis (45)
 x - a wand of digging (8)
 J - a wand of polymorph (10)
 K - a wand of acid (10)
 W - a wand of iceblast (5)
 X - a wand of mindburst (6)
Scrolls
 a - 4 scrolls of vulnerability
 f - 5 scrolls of fog
 i - 3 scrolls of blinking
 j - 6 scrolls of identify
 o - 4 scrolls of fear
 p - 3 scrolls of holy word
 t - a scroll of enchant armour
 y - 12 scrolls of teleportation
 z - 5 scrolls of magic mapping
 B - a scroll of summoning
 G - a scroll of silence
 R - a scroll of immolation
Potions
 c - 3 potions of attraction
 d - 13 potions of curing
 g - 6 potions of lignification
 m - 6 potions of heal wounds
 q - 4 potions of might
 A - 4 potions of resistance
 C - 7 potions of flight
 D - 4 potions of haste
 E - 2 potions of invisibility
 I - 3 potions of cancellation
 L - 4 potions of ambrosia
 M - 6 potions of brilliance
 Q - 2 potions of berserk rage
 V - 2 potions of magic
 Z - 4 potions of mutation


   Skills:
 - Level 6.0 Fighting
 - Level 9.0 Armour
 - Level 6.0 Dodging
 - Level 1.7 Stealth
 + Level 15.3 Shields
 + Level 18.5 Spellcasting
 - Level 12.0 Conjurations
 - Level 2.0 Translocations
 + Level 15.5 Air Magic


You had 43 spell levels left.
You knew the following spells:

 Your Spells              Type           Power      Damage    Failure   Level
a - Magic Dart            Conj           100%       1d8       0%          1
b - Searing Ray           Conj           100%       3d7       1%          2
c - Iskenderun's Mystic   Conj/Tloc      100%       2d19      1%          4
d - Lightning Bolt        Conj/Air       67%        1d91      1%          5

Your spell library contained the following spells:

 Spells                   Type           Power      Damage    Failure   Level
 Static Discharge         Conj/Air       100%       N/A       0%          2
 Animate Skeleton         Necr           90%        N/A       1%          1
 Foxfire                  Conj/Fire      100%       2x1d9     1%          1
 Freeze                   Ice            100%       1d11      1%          1
 Pain                     Necr           100%       1d9       1%          1
 Sandblast                Erth           90%        2d19      1%          1
 Sting                    Tmut/Pois      100%       1d8       1%          1
 Summon Small Mammal      Summ           100%       N/A       1%          1
 Corpse Rot               Necr/Air       N/A        N/A       1%          2
 Poisonous Vapours        Pois/Air       100%       N/A       1%          2
 Conjure Flame            Conj/Fire      100%       6-21      1%          3
 Dazzling Flash           Conj/Hex       100%       N/A       1%          3
 Fulminant Prism          Conj/Hex       51%        3d23      1%          4
 Hailstorm                Conj/Ice       100%       3d20      1%          4
 Silence                  Hex/Air        44%        N/A       1%          5
 Passwall                 Tmut/Erth      37%        N/A       2%          2
 Slow                     Hex            45%        N/A       2%          2
 Portal Projectile        Hex/Tloc       100%       N/A       3%          3
 Call Canine Familiar     Summ           45%        N/A       4%          3
 Confusing Touch          Hex            45%        N/A       4%          3
 Frozen Ramparts          Ice            90%        1d11      4%          3
 Inner Flame              Hex/Fire       45%        N/A       4%          3
 Summon Guardian Golem    Hex/Summ       45%        N/A       4%          3
 Tukima's Dance           Hex            45%        N/A       4%          3
 Vampiric Draining        Necr           22%        2d9       4%          3
 Passage of Golubria      Tloc           N/A        N/A       7%          4
 Dispel Undead            Necr           45%        3d17      16%         4
 Olgreb's Toxic Radiance  Pois           45%        N/A       16%         4
 Maxwell's Capacitive Co  Air            57%        ∞         19%         8
 Blade Hands              Tmut           22%        N/A       41%         5
 Excruciating Wounds      Necr           22%        N/A       41%         5
 Lee's Rapid Deconstruct  Erth           22%        3d14*     41%         5
 Yara's Violent Unravell  Hex/Tmut       22%        3d10      41%         5
 Death Channel            Necr           22%        N/A       94%         6
 Malign Gateway           Summ/Tloc      26%        N/A       100%        7
 Lehudib's Crystal Spear  Conj/Erth      51%        10d12     100%        8
 Summon Horrible Things   Summ           22%        N/A       100%        8


Dungeon Overview and Level Annotations

Branches:
Dungeon (15/15)            Temple (0/1) D:7            Lair (6/6) D:10
  Swamp (4/4) Lair:4        Snake (4/4) Lair:3        Slime (0/5) Lair:5
    Orc (2/2) D:11            Elf (0/3) Orc:2        Vaults (1/5) D:14
 Depths (1/5) D:15         Bailey (visited)           IceCv (visited)

Shops:
D:9 [   D:10 !((!   D:13 (   D:14 :   Orc:1 *   Orc:2 (*:([

Annotations:
Snake:2 Roxanne
Depths:1 Bai Suzhen


Innate Abilities, Weirdness & Mutations

Your attributes grow dramatically as you level up.
You have an increased reservoir of magic. (+10% MP)
You shall have no god before yourself.


Message History

The bolt of lightning hits the wizard!!!
You kill the wizard!
A cyan ugly thing is nearby!
You feel a surge of power!
You hear a mighty clap of thunder!
The bolt of lightning hits the cyan ugly thing!
The cyan ugly thing resists.
The cyan ugly thing is lightly wounded.
You feel a surge of power!
You hear a mighty clap of thunder!
The bolt of lightning hits the cyan ugly thing!!
The cyan ugly thing resists.
The cyan ugly thing is heavily wounded.
Casting: Lightning Bolt (safe; 1% risk of failure)
Confirm with . or Enter, or press ? or * to list all spells.
You feel a surge of power!
You erupt in a blast of force!
The mystic blast hits the cyan ugly thing!!
The cyan ugly thing is severely wounded.
The cyan ugly thing is knocked back by the mystic blast.
Unknown command.
Electricity crackles from the ironbound thunderhulk's apparatus.
The bolt of lightning misses you.
Things that are here:
15 arrows; a +0 longbow Electricity crackles from the ironbound thunderhulk's apparatus.
The bolt of lightning hits you!
There is a large open door here.
Things that are here:
24 arrows; a +0 longbow
There is a large open door here.
Things that are here:
24 arrows; a +0 longbow Electricity crackles from the ironbound thunderhulk's apparatus.
The bolt of lightning hits you!!
Electricity crackles from the ironbound thunderhulk's apparatus.
The bolt of lightning hits you!!!
* * * LOW HITPOINT WARNING * * *
Electricity crackles from the ironbound thunderhulk's apparatus.
The bolt of lightning hits you!!
You die...

####+#### #.......##
############# #.##......#
#...........##.##.###....
#.....).....#.##.######..
#......∩....#.#.##...###.
#.......@...#.#.#.....##.
#..........u#.##'....)'##
#...........([.##.....#.#
#..........('..###...##.#
#############((.######[##
##.O..###.##.
##(.....##.# ##...)...##
#####))###


You could see an ironbound thunderhulk and a cyan ugly thing.

Vanquished Creatures
  Vashnia (Snake:2)
  the Lernaean hydra (Swamp:4)
  Jorgrun (Swamp:1)
  A tentacled monstrosity (Swamp:3)
  Asterion (Depths:1)
  Donald (Snake:4)
  Kirke (Lair:4)
  A fire giant (Depths:1)
  A fenstrider witch (Lair:4)
  15 nagarajas (Snake:4)
  2 frost giants (Depths:1)
  Aizul (Snake:2)
  An orc warlord (Bailey)
  Louise (Snake:3)
  4 ghouls
  2 ironbound preservers (Vaults:1)
  3 stone giants
  3 bunyips
  Nessos (D:12)
  Azrael (Snake:2)
  2 dire elephants (Vaults:1)
  Snorg (Lair:4)
  4 ettins (Depths:1)
  2 eleionomae (Swamp:4)
  3 fire dragons (Depths:1)
  18 naga warriors
  3 vault guards (D:14)
  2 rakshasas (D:14)
  An ironbound thunderhulk (Vaults:1)
  Harold (D:9)
  20 hydras
  3 boulder beetles
  A salamander tyrant (Snake:4)
  5 catoblepae
  An ice dragon (shapeshifter) (D:14)
  14 centaur warriors
  A ghost crab (Swamp:3)
  Erica (D:8)
  An ogre mage (D:13)
  14 anacondas
  9 two-headed ogres
  14 alligators
  A deep troll shaman (Depths:1)
  8 death yaks
  5 tengu warriors
  9 spriggans
  2 deep troll earth magi (Depths:1)
  2 shock serpents
  2 ironbound beastmasters (Vaults:1)
  Nergalle (Lair:3)
  14 naga sharpshooters
  A deep elf knight (D:14)
  4 orc high priests
  An iron troll (Depths:1)
  5 salamander mystics
  5 skeletal warriors (D:15)
  A fire crab (Lair:5)
  2 goliath frogs
  9 deep trolls
  3 spriggan druids
  10 swamp dragons
  17 bog bodies
  5 naga ritualists
  Pikel (D:9)
  2 wizards
  An obsidian statue (D:14)
  10 mana vipers
  2 lindwurms
  A deep elf pyromancer (D:13)
  6 orc knights
  2 oklob plants (Lair:5)
  6 manticores
  7 cyclopes
  36 ugly things
  6 orc sorcerers
  7 salamanders
  3 will-o-the-wisps
  2 vault sentinels (Vaults:1)
  45 black mambas
  2 ice statues
  4 guardian serpents
  20 cane toads
  2 smoke demons (D:14)
  15 naga magi
  3 gargoyles
  Maggie (D:6)
  5 rime drakes
  6 komodo dragons
  An anaconda simulacrum (IceCv)
  An unseen horror (D:10)
  2 entropy weaver simulacra (IceCv)
  5 tengu conjurers
  An ice devil (IceCv)
  2 polar bears (Lair:5)
  9 trolls
  3 meliai (D:15)
  8 tyrant leeches
  7 hornets
  A queen bee (Lair:2)
  3 bloated husks
  15 dream sheep
  7 slime creatures
  The ghost of strmdvr the Magician, an amateur DjFE (D:4)
  23 blink frogs
  A meliai zombie (D:11)
  2 vampires
  2 ynoxinuls (D:14)
  A wraith (D:12)
  6 wyverns
  2 dire elephant simulacra (IceCv)
  9 basilisks
  3 hogs (Lair:4)
  57 yaks
  A fire elemental (Snake:2)
  A neqoxec (D:14)
  3 death yak simulacra (IceCv)
  3 steam dragons
  7 swamp worms
  3 wargs
  34 nagas
  2 acid dragons
  14 water moccasins
  Duvessa (D:6)
  7 hell hounds (Snake:2)
  4 black bears
  An ice beast (D:3)
  A sky beast (D:5)
  29 orc warriors
  A black bear (shapeshifter) (D:14)
  A hornet zombie (D:8)
  11 necrophages
  6 swamp drakes (Swamp:4)
  11 ogres
  2 lemures (D:9)
  32 centaurs
  10 wolves
  A phantom (D:7)
  2 kobold brigands
  22 bullfrogs
  A scorpion (D:10)
  2 gnoll sergeants
  3 two-headed ogre simulacra (IceCv)
  A cane toad simulacrum (IceCv)
  A water moccasin zombie (D:9)
  2 wyvern zombies (D:7)
  Dowan (D:6)
  3 elephant simulacra (IceCv)
  34 killer bees
  5 spriggan skeletons (D:10)
  A troll skeleton (D:10)
  2 howler monkeys (D:14)
  A bullfrog zombie (D:10)
  A crimson imp (D:14)
  2 quasits (D:14)
  2 jellies (D:5)
  2 hounds
  21 orc priests
  Crazy Yiuf (D:6)
  2 gnoll shamans
  A bullfrog skeleton (D:5)
  2 centaur zombies
  3 iron imps (D:14)
  Ijyb (D:3)
  Terence (D:3)
  5 iguanas
  22 orc wizards
  2 polar bear simulacra (IceCv)
  7 hell rats (Lair:2)
  A scorpion zombie (D:5)
  6 troll simulacra (IceCv)
  A killer bee zombie (D:8)
  5 spriggan simulacra (IceCv)
  3 wolf simulacra (IceCv)
  A howler monkey zombie (D:8)
  6 adders
  23 gnolls
  4 naga simulacra (IceCv)
  A shadow imp (D:7)
  20 white imps
  8 ufetubi
  2 worms
  74 orcs
  3 endoplasms
  A giant cockroach (D:2)
  15 goblins
  12 hobgoblins
  3 jackals
  23 kobolds
  6 quokkas
  8 ball pythons
  10 bats
  5 frilled lizards
  8 rats
1229 creatures vanquished.

Vanquished Creatures (others)
  A will-o-the-wisp (Swamp:2)
  2 bloated husks
  A naga (Snake:3)
  A swamp drake (Swamp:4)
  11 foxfires
  41 fungi
  64 plants
121 creatures vanquished.

Grand Total: 1350 creatures vanquished

Notes
Turn   | Place    | Note
-------+----------+-------------------------------------------
     0 | D:1      | McKennaii the Demigod Conjurer began the quest for the Orb.
     0 | D:1      | Reached XP level 1. HP: 14/14 MP: 5/5
    51 | D:1      | Reached skill level 2 in Spellcasting
   220 | D:1      | Reached XP level 2. HP: 20/20 MP: 6/8
   782 | D:2      | Noticed a floating eye
   784 | D:2      | Reached skill level 3 in Spellcasting
  1140 | D:2      | Reached XP level 3. HP: 26/26 MP: 5/10
  1218 | D:2      | Noticed a golden eye
  1222 | D:2      | Noticed an eye of devastation
  1222 | D:2      | Noticed a shining eye
  1978 | D:2      | Reached XP level 4. HP: 29/33 MP: 7/12
  2191 | D:2      | Reached skill level 4 in Spellcasting
  2502 | D:3      | Noticed Ijyb
  2515 | D:3      | Killed Ijyb
  2615 | D:3      | Learned a level 2 spell: Searing Ray
  2620 | D:3      | Learned a level 4 spell: Iskenderun's Mystic Blast
  2661 | D:3      | Noticed Terence
  2706 | D:3      | Killed Terence
  3158 | D:3      | Noticed an ice beast
  3167 | D:3      | Killed an ice beast
  3168 | D:3      | Reached skill level 5 in Spellcasting
  3168 | D:3      | Reached XP level 5. HP: 38/38 MP: 5/16
  4136 | D:4      | Found a runed translucent gate.
  4229 | D:4      | Noticed a necrophage
  4238 | D:4      | Killed a necrophage
  4239 | D:4      | Reached XP level 6. HP: 32/45 MP: 7/18
  4654 | D:4      | Found a runed translucent gate.
  4655 | D:4      | Found a runed translucent gate.
  4657 | D:4      | Noticed strmdvr's ghost (amateur DjFE)
  4772 | D:5      | Entered Level 5 of the Dungeon
  4778 | D:5      | Reached skill level 6 in Spellcasting
  4839 | D:4      | Reached skill level 1 in Translocations
  4841 | D:4      | Reached XP level 7. HP: 38/50 MP: 11/19
  5204 | D:5      | Reached skill level 5 in Conjurations
  5211 | D:5      | Learned a level 5 spell: Lightning Bolt
  5429 | D:5      | Reached skill level 1 in Air Magic
  6293 | D:6      | Found the +3 hat of Pondering {ponderous, Will+ MP+10
                  | Int+5}
  6442 | D:6      | Reached XP level 8. HP: 57/57 MP: 15/20
  6656 | D:6      | Noticed Maggie
  6663 | D:6      | Killed Maggie
  6908 | D:6      | Identified the +6 leather armour "Toiwk" {Will++ SInv}
  7184 | D:6      | Noticed Duvessa
  7184 | D:6      | Noticed Dowan
  7194 | D:6      | Killed Dowan
  7202 | D:6      | Killed Duvessa
  7203 | D:6      | Reached skill level 1 in Armour
  7371 | D:6      | Found a runed translucent door.
  7372 | D:6      | Noticed Crazy Yiuf
  7377 | D:6      | Killed Crazy Yiuf
  7483 | D:4      | Killed strmdvr's ghost
  7484 | D:4      | Reached skill level 5 in Air Magic
  7608 | D:7      | Found a staircase to the Ecumenical Temple.
  7804 | D:7      | Reached XP level 9. HP: 57/62 MP: 14/21
  7913 | D:7      | Found a flagged portal.
  7976 | Bailey   | Entered a bailey
  8010 | Bailey   | Noticed an orc warlord
  8093 | Bailey   | Found a runed translucent gate.
  8096 | Bailey   | Found a runed translucent gate.
  8097 | Bailey   | Found a runed translucent gate.
  8668 | Bailey   | Killed an orc warlord
  8804 | D:7      | Acquired a staff of conjuration
  8807 | D:7      | Acquired the +5 demon trident of Defiance {pain, SInv}
  8809 | D:7      | Acquired the amulet "Lovowac" {Reflect rPois rCorr SH+5}
  9618 | D:8      | Reached skill level 1 in Shields
 10031 | D:8      | Noticed Erica
 10034 | D:8      | Reached skill level 5 in Armour
 10047 | D:8      | Killed Erica
 10048 | D:8      | Reached XP level 10. HP: 69/69 MP: 12/22
 10796 | D:9      | Noticed a two-headed ogre
 10801 | D:9      | Killed a two-headed ogre
 10846 | D:9      | Noticed a two-headed ogre
 10854 | D:9      | Killed a two-headed ogre
 11159 | D:9      | Noticed Pikel
 11177 | D:9      | Killed Pikel
 11558 | D:9      | Found Lacar's Armour Emporium.
 11710 | D:9      | Noticed a two-headed ogre
 11716 | D:9      | Killed a two-headed ogre
 11778 | D:9      | Reached XP level 11. HP: 74/74 MP: 19/24
 11985 | D:9      | Noticed Harold
 11990 | D:9      | Killed Harold
 12311 | D:10     | Entered Level 10 of the Dungeon
 12311 | D:10     | Found Liwigenla's Antique Weapon Boutique.
 12350 | D:10     | Reached skill level 10 in Conjurations
 12361 | D:10     | Reached skill level 5 in Shields
 12838 | D:10     | Found Ewkeob's Distillery.
 12933 | D:10     | Found a staircase to the Lair.
 13041 | D:10     | Found Vypelaepn's Distillery.
 13054 | D:10     | Bought 3 potions of heal wounds for 180 gold pieces
 13054 | D:10     | Bought a potion of heal wounds for 60 gold pieces
 13054 | D:10     | Bought a potion of flight for 36 gold pieces
 13054 | D:10     | Bought a potion of degeneration for 12 gold pieces
 13054 | D:10     | Bought a potion of cancellation for 96 gold pieces
 13054 | D:10     | Bought a potion of ambrosia for 96 gold pieces
 13054 | D:10     | Bought a potion of brilliance for 48 gold pieces
 13054 | D:10     | Bought a potion of resistance for 120 gold pieces
 13133 | D:10     | Found Vuxkuom's Antique Weapon Shop.
 13707 | D:11     | Noticed a boulder beetle
 13717 | D:11     | Killed a boulder beetle
 14298 | D:11     | Noticed a seven-headed hydra
 14312 | D:11     | Killed a seven-headed hydra
 14939 | D:11     | Found a staircase to the Orcish Mines.
 15791 | D:12     | Noticed a two-headed ogre
 15795 | D:12     | Killed a two-headed ogre
 15796 | D:12     | Reached XP level 12. HP: 81/81 MP: 8/25
 16321 | D:12     | Noticed Nessos
 16324 | D:12     | Killed Nessos
 16529 | D:12     | Reached skill level 10 in Air Magic
 17236 | D:13     | Noticed a centaur warrior
 17238 | D:13     | Killed a centaur warrior
 17239 | D:13     | Reached skill level 7 in Spellcasting
 17428 | D:13     | Found Reep's Antique Weapon Shop.
 17488 | D:13     | You fall into a shaft and drop 2 floors!
 17488 | D:15     | Entered Level 15 of the Dungeon
 17488 | D:15     | Noticed a centaur warrior
 17500 | D:15     | Killed a centaur warrior
 17682 | D:15     | Noticed a stone giant
 17691 | D:15     | Killed a stone giant
 17915 | D:15     | Found a staircase to the Depths.
 18726 | D:14     | Noticed a centaur warrior
 18728 | D:14     | Noticed a boulder beetle
 18729 | D:14     | Killed a centaur warrior
 18923 | D:15     | Reached skill level 8 in Spellcasting
 19325 | D:15     | Reached XP level 13. HP: 86/86 MP: 23/29
 19960 | D:15     | Reached skill level 9 in Spellcasting
 21210 | D:14     | Reached skill level 10 in Shields
 21890 | D:14     | Reached skill level 10 in Spellcasting
 22704 | D:14     | Found Qomesis's Book Emporium.
 23585 | D:14     | Found a gate to the Vaults.
 24120 | D:13     | Reached XP level 14. HP: 85/93 MP: 33/33
 24473 | D:13     | Reached skill level 11 in Spellcasting
 25416 | Lair:1   | Entered Level 1 of the Lair of Beasts
 27890 | Lair:2   | Identified the ring of Jethump {rCorr AC+4 Str+5}
 28212 | Lair:3   | Noticed Nergalle
 28216 | Lair:3   | Killed Nergalle
 28433 | Lair:3   | Reached skill level 12 in Spellcasting
 28582 | Lair:3   | Found a staircase to the Snake Pit.
 29265 | Lair:4   | Noticed Kirke
 29501 | Lair:4   | Found a frozen archway.
 29516 | IceCv    | Entered an ice cave
 32106 | Lair:4   | Killed Kirke
 32442 | Lair:4   | Found a staircase to the Swamp.
 32687 | Lair:4   | Reached XP level 15. HP: 81/99 MP: 27/36
 32810 | Lair:5   | Noticed Snorg
 32863 | Lair:4   | Killed Snorg
 34027 | Lair:5   | Reached skill level 13 in Spellcasting
 34205 | Lair:5   | Identified the +0 robe of Fedhas's Benevolence {rF+ Str+3}
 35670 | Lair:5   | Found a staircase to the Slime Pits.
 36146 | Lair:6   | Entered Level 6 of the Lair of Beasts
 37807 | Lair:6   | Reached skill level 1 in Fighting
 38408 | Orc:1    | Entered Level 1 of the Orcish Mines
 39002 | Orc:2    | Entered Level 2 of the Orcish Mines
 39002 | Orc:2    | Found a staircase to the Elven Halls.
 39338 | Orc:2    | Found Bedgh's Firing Range.
 40448 | Orc:1    | Found Jiyzxero's General Store.
 40521 | Orc:1    | Bought a scroll of noise for 12 gold pieces
 40683 | Orc:2    | Reached skill level 14 in Spellcasting
 41547 | Orc:2    | Found Pyfet's Antique Weapon Shoppe.
 41547 | Orc:2    | Found Kut Mups's Antique Armour Boutique.
 41549 | Orc:2    | Found Gunih's Book Boutique.
 41549 | Orc:2    | Found Vuuxem's Assorted Antiques.
 41571 | Orc:2    | Bought a shiny helmet for 225 gold pieces
 41571 | Orc:2    | Bought a glowing cloak for 225 gold pieces
 41873 | D:14     | Bought a manual of Spellcasting for 1120 gold pieces
 41970 | Depths:1 | Entered Level 1 of the Depths
 41997 | Depths:1 | Reached XP level 16. HP: 113/113 MP: 29/39
 42003 | Depths:1 | Identified the +6 kite shield "Kuzoy" {Harm}
 42003 | Depths:1 | Noticed Asterion
 42264 | Depths:1 | Killed Asterion
 42913 | Depths:1 | Reached skill level 15 in Spellcasting
 43310 | Depths:1 | Noticed Bai Suzhen
 43925 | Snake:1  | Entered Level 1 of the Snake Pit
 45133 | Snake:1  | Reached skill level 5 in Fighting
 45637 | Snake:2  | Noticed Vashnia
 45640 | Snake:2  | Noticed Aizul
 46269 | Snake:2  | Noticed Roxanne
 46435 | Snake:2  | Reached skill level 16 in Spellcasting
 46445 | Snake:2  | Killed Aizul
 46691 | Snake:2  | Killed Vashnia
 47507 | Snake:2  | Noticed Azrael
 47513 | Snake:2  | Killed Azrael
 47514 | Snake:2  | Reached XP level 17. HP: 73/128 MP: 13/43
 48972 | Snake:3  | Noticed Louise
 48975 | Snake:3  | Killed Louise
 50210 | Snake:4  | Entered Level 4 of the Snake Pit
 50210 | Snake:4  | Noticed Donald
 50213 | Snake:4  | Killed Donald
 50227 | Snake:4  | Reached skill level 17 in Spellcasting
 52984 | Snake:4  | Reached skill level 15 in Air Magic
 53190 | Snake:4  | Got a serpentine rune of Zot
 53489 | Snake:4  | Reached skill level 5 in Dodging
 53680 | Snake:4  | Reached XP level 18. HP: 135/135 MP: 39/45
 53850 | Snake:4  | Acquired the ring of the Orange Skies {rPois rF+ rCorr}
 53915 | Snake:4  | Identified the +8 hunting sling of the Unspeakable One
                  | {vorpal, rElec Stlth+}
 54051 | Swamp:1  | Entered Level 1 of the Swamp
 54051 | Swamp:1  | Noticed Jorgrun
 54717 | Swamp:1  | Killed Jorgrun
 56287 | Swamp:2  | Reached skill level 18 in Spellcasting
 57063 | Swamp:3  | Noticed a tentacled monstrosity
 57077 | Swamp:3  | Killed a tentacled monstrosity
 57389 | Swamp:3  | Identified the +0 pair of boots of Undesirable Species
                  | {rF+++ Regen+ Dex-5 Stlth+}
 57724 | Swamp:4  | Entered Level 4 of the Swamp
 59069 | Swamp:4  | Noticed the 27-headed Lernaean hydra
 59088 | Swamp:4  | Killed the 27-headed Lernaean hydra
 59089 | Swamp:4  | Reached skill level 15 in Shields
 59170 | Swamp:4  | Got a decaying rune of Zot
 59759 | Swamp:4  | Identified the +7 trident "Getyih" {venom, SInv}
 60123 | Vaults:1 | Entered Level 1 of the Vaults
 60842 | Vaults:1 | Reached XP level 19. HP: 128/141 MP: 37/47
 60909 | Vaults:1 | Killed from afar by an ironbound thunderhulk

Illustrated notes

Levels and vault maps discovered:
D:1:      noname_arrival_rooms_in_the_neighbourhood, layout_rooms,
          lemuel_another_geyser
D:2:      layout_basic, basic_altar, hellmonk_ecumenical_altar_watching_god
D:3:      layout_loops_corners, mainiacjoe_overflow_tiny_flanked, uniq_terence,
          uniq_ijyb
D:4:      layout_basic, mainiacjoe_overflow_concentric_impassable,
          ebering_ghost_gozag
D:5:      layout_rooms, serial_curves, eino_curves_03, eino_curves_02
D:6:      layout_loops_corners, nicolae_overflow_crystal_walls, serial_glass,
          glass_columns_a, glass_columns_c, item_on_display_a, uniq_duvessa,
          uniq_maggie, uniq_crazy_yiuf_cottage
D:7:      layout_loops_cross, yredelemnul_altar_generic,
          minmay_temple_entry_slanted, enter_bailey_5
D:8:      layout_loops_ring, minmay_liquid_box, hangedman_decor_lopped,
          kennysheep_diamond, uniq_erica
D:9:      cheibrodos_steamvent, layout_basic, serial_shops,
          kennysheep_mini_moat, grunt_ministairs_10, uniq_pikel, uniq_harold
D:10:     layout_cave_pools, brannock_xom_greatest_gift,
          evilmike_ruin_ashenzari, nicolae_elyvilon_temple_path,
          grunt_lair_entry_orc_guard_hut, serial_shops, shop,
          nicolae_shop_behind_doors, nicolae_inconvenience_store, shop_statue,
          hangedman_tell_no_tales
D:11:     layout_basic, minmay_orc_entry_temple_small
D:12:     layout_roguey, hellmonk_bongcloud_opening, okawaru_ov_weapons_minmay,
          uniq_nessos
D:13:     layout_long_grid, serial_shops, nicolae_shop_waterfront
D:14:     layout_rooms, grunt_vaults_entry_fortified, minmay_misc_feat_ornament,
          serial_shops, nicolae_shop_waterfront, nicolae_benzene_ring,
          st_stairs_9, hangedman_devilish_allure
D:15:     grunt_enter_depths_snipers, layout_cave_pods,
          nicolae_dithmenos_through_a_glass_darkly, serial_column_ruins,
          column_ruins_pillar_5, column_ruins_pillar_7, column_ruins_pillar_1,
          column_ruins_pillar_7, column_ruins_pillar_9, column_ruins_pillar_7,
          column_ruins_pillar_1, column_ruins_pillar_1, column_ruins_pillar_5,
          column_ruins_pillar_1, column_ruins_pillar_1, column_ruins_pillar_3,
          column_ruins_pillar_3, column_ruins_pillar_4, column_ruins_pillar_1,
          column_ruins_pillar_5, column_ruins_pillar_2, column_ruins_pillar_1,
          column_ruins_pillar_1, column_ruins_pillar_2, minmay_statues_item,
          minivault_16, grunt_ministairs_15, nicolae_sif_muna_little_library
Lair:1:   layout_loops_ring
Lair:2:   layout_misc_corridors, special_room [special_room_bee],
          grunt_megastairs_4
Lair:3:   layout_gridlike, dummy_snake_entry, grunt_megastairs_2, uniq_nergalle
Lair:4:   layout_cave_pods, swamp_mist, gauntlet_entry_generic,
          portal_ice_cave_entry_imps, uniq_kirke
Lair:5:   nzn_winding_woodlands_huge [nzn_winding_woodlands_5x15_split_checker,
          nzn_winding_woodlands_5x15_longhouse,
          nzn_winding_woodlands_5x15_pockets, nzn_winding_woodlands_5x15_zeroes,
          nzn_winding_woodlands_5x15_crooked, nzn_winding_woodlands_5x15_eye,
          nzn_winding_woodlands_5x15_concentric,
          nzn_winding_woodlands_5x15_garden,
          nzn_winding_woodlands_5x15_pathside_ponds,
          nzn_winding_woodlands_5x15_cabin,
          nzn_winding_woodlands_center_diamonds,
          nzn_winding_woodlands_center_triple_pond,
          nzn_winding_woodlands_15x15_boxy_spiral], layout_regular_city,
          minmay_slime_entry_oklob_open, roderic_carrion_pond, uniq_snorg
Lair:6:   evilmike_catoblepas_cave, layout_hall_layers
Swamp:1:  layout_basic_swamp, infiniplex_staircase_pool,
          statue_in_the_mist_lemuel, uniq_jorgrun
Swamp:2:  nicolae_swamp_ascending_descending_big, layout_basic_swamp,
          nicolae_swamp_tree_isthmus
Swamp:3:  layout_falls_marsh, evilmike_swamp_ruin_wall
Swamp:4:  grunt_swamp_rune_castle, layout_basic_swamp
Snake:1:  layout_concentric_octagons
Snake:2:  layout_chambers, lemuel_fruit_tree, uniq_aizul, uniq_vashnia,
          uniq_roxanne, uniq_azrael
Snake:3:  layout_cave_town, drop_trap, uniq_louise
Snake:4:  grunt_snake_rune_spirals, layout_onion, basic_altar, uniq_donald
Orc:1:    layout_caves, guppyfry_orc_lava_fort
Orc:2:    grunt_orc_tribal_feast, layout_caves, basic_altar,
          nicolae_shop_firing_range
Vaults:1: nicolae_vaults_little_squares_5, vaults_mumra_minichess_inversion,
          hangedman_vaults_river_flow, nicolae_vaults_little_squares_3,
          dpeg_vaults_monster_box, nicolae_vaults_little_squares_3, v_misc_10,
          grunt_vaults_swirl, vaults_room_fours, vaults_room_door_ring,
          layout_vaults_omnigrid
Depths:1: layout_basic, grunt_pan_entry_zigzag, grunt_decor_junction,
          hell_entry, nrook_campfire, hangedman_blasphemy, grunt_megastairs_5,
          uniq_bai_suzhen, uniq_asterion

Skill      XL: |  1  2  3  4  5  6  7  8  9 10 11 12 13 14 15 16 17 18 |
---------------+-------------------------------------------------------+-----
Spellcasting   | 2 3 5 6 8 10 12 14 16 17 18 | 18.5
Conjurations   | 4 6 7 8 9 10 12 | 12.0
Translocations | 2 |  2.0
Air Magic      | 3 5 7 8 9 10 11 12 13 14 15 | 15.5
Armour         | 2 5 6 8 9 |  9.0
Shields        | 2 4 7 9 10 11 12 13 14 15 | 15.3
Fighting       | 2 5 6 |  6.0
Dodging        | 5 6 |  6.0
Stealth        | |  1.7

Action                   |  1- 3 |  4- 6 |  7- 9 | 10-12 | 13-15 | 16-18 | 19-21 || total
-------------------------+-------+-------+-------+-------+-------+-------+-------++-------
Melee: Unarmed           |    10 |       |       |       |       |       |       ||    10
       Staff             |       |       |       |     4 |    74 |    50 |       ||   128
       Demon trident     |       |       |       |       |    15 |       |       ||    15
 Cast: Magic Dart        |    90 |   107 |   168 |   149 |   681 |    32 |       ||  1227
       Searing Ray       |       |    10 |    56 |    62 |    41 |     6 |       ||   175
       Iskenderun's Myst |       |       |    18 |    62 |   314 |   176 |     1 ||   571
       Lightning Bolt    |       |       |     4 |    67 |   246 |   564 |     9 ||   890
Evoke: Wand              |       |       |       |     1 |     7 |    16 |       ||    24
  Use: Potion            |     1 |       |     2 |     3 |     2 |       |       ||     8
       Scroll            |       |       |    11 |     8 |     6 |     8 |       ||    33
Armor: Robe              |     2 |     9 |     2 |       |       |       |       ||    13
       Leather armour    |       |       |    19 |    49 |   115 |    89 |       ||   272
       Steam dragon scal |       |       |     1 |       |       |       |       ||     1
Dodge: Dodged            |    14 |    35 |    40 |    54 |   110 |    41 |     1 ||   295
Block: Other             |       |       |     2 |    14 |       |       |       ||    16
       Reflection        |       |       |     1 |    45 |    73 |    67 |     5 ||   191
       Kite shield       |       |       |       |    71 |   300 |       |       ||   371
       Tower shield      |       |       |       |       |   219 |   360 |     5 ||   584
